 Dungeon Crawl Stone Soup version 0.27-a0-1280-g9d2d252d84 (webtiles) character file.

Game seed: 3645817803528752336

96 27snakeeyes612 the Skirmisher (level 4, -7/49 HPs)
             Began as an Ogre Fighter on June 13, 2021.
             Mangled by Menkaure (15 damage)
             ... on level 3 of the Dungeon.
             The game lasted 00:02:17 (3099 turns).

27snakeeyes612 the Skirmisher (Ogre Fighter)        Turns: 3099, Time: 00:02:18

Health: -7/49      AC:  3    Str: 21    XL:     4   Next: 67%
Magic:  13/13      EV:  8    Int:  9    God:
Gold:   112        SH:  8    Dex:  8    Spells: 3/3 levels left

rFire    . . .     SeeInvis .   a - +0 war axe
rCold    . . .     Faith    .   c - +0 kite shield
rNeg     . . .     Spirit   .   b - +0 robe
rPois    .         Reflect  .   (helmet restricted)
rElec    .         Harm     .   (no cloak)
rCorr    .         Rampage  .   (gloves unavailable)
Will     .....                  (boots unavailable)
Stlth    +.........             (no amulet)
HPRegen  0.16/turn              h - ring of magical power
MPRegen  0.13/turn              (no ring)

@: no status effects
A: large, unfitting armour, tough skin 1
a: no special abilities


You were on level 3 of the Dungeon.
You visited 1 branch of the dungeon, and saw 4 of its levels.

You collected 112 gold pieces.

Inventory:

Hand Weapons
 a - a +0 war axe (weapon)
Armour
 b - a +0 robe (worn)
 c - a +0 kite shield (worn)
Jewellery
 h - a ring of magical power (left hand)
Wands
 p - a wand of charming (8)
Scrolls
 e - a scroll of enchant armour {unknown}
 f - a scroll of identify {unknown}
 i - 2 scrolls of fear {unknown}
 k - 3 scrolls of immolation {unknown}
 l - a scroll of vulnerability {unknown}
 m - a scroll of magic mapping {unknown}
Potions
 d - a potion of might
 g - a potion of lignification {unknown}
 j - a potion of mutation {unknown}
 n - 3 potions of brilliance {unknown}
 o - a potion of berserk rage {unknown}


   Skills:
 + Level 4.9 Fighting
 + Level 3.1 Axes
 + Level 3.2 Dodging
 + Level 0.1 Stealth
 + Level 3.2 Shields


You had 3 spell levels left.
You didn't know any spells.
Your spell library contained the following spells:

 Spells                   Type           Power      Damage    Failure   Level
 Confusing Touch          Hex            0%         N/A       99%         3
 Gell's Gravitas          Tloc           0%         N/A       99%         3
 Petrify                  Tmut/Erth      0%         N/A       100%        4
 Metabolic Englaciation   Hex/Ice        0%         N/A       100%        5
 Yara's Violent Unravell  Hex/Tmut       0%         3d3       100%        5


Dungeon Overview and Level Annotations

Branches:
Dungeon (4/15)
 Temple: D:4-7

Altars:
Gozag
Yredelemnul

Annotations:
D:3 Menkaure


Innate Abilities, Weirdness & Mutations

You are too large for most types of armour.
You have tough skin. (AC +1)


Message History

Menkaure calls on the powers of darkness!
Your body is wracked with pain!
You climb upwards.
There is a stone staircase leading down here.
You start resting.
HP restored.
You climb downwards.
Level annotation: Menkaure
There is a stone staircase leading up here.
Menkaure completely misses you.
You climb upwards.
There is a stone staircase leading down here.
You hit Menkaure.
Menkaure is moderately damaged.
Menkaure closely misses you.
You barely miss Menkaure.
Menkaure is moderately damaged.
You block Menkaure's attack.
You hit Menkaure but do no damage.
Menkaure is moderately damaged.
Menkaure closely misses you.
Menkaure calls on the powers of darkness!
Your body is wracked with pain!
You barely miss Menkaure.
Menkaure is moderately damaged.
Menkaure closely misses you.
You hit Menkaure.
Menkaure is heavily damaged.
Menkaure hits you!
* * * LOW HITPOINT WARNING * * *
You hit Menkaure.
Menkaure is heavily damaged.
Menkaure barely misses you.
You hit Menkaure.
Menkaure is severely damaged.
Menkaure calls on the powers of darkness!
Your body is wracked with pain!
* * * LOW HITPOINT WARNING * * *
Menkaure hits you!
You die...

......#..........##.##......##.##
#.##.#####.......##.##.##.####.#
...#.# #.....................#
#..#.# #...###.##.........####
.....# #...###.####..####.#
#..### #...............##.#####
....######...###.#..#..#.##.#....
....................#...#...#....
......>........M@......###..(....
.........<........(##...#.###....
....######...#####.##....## #....
##.## #.........##....# #####
...# #...###########.# #..# #...#
#)# #..#######...# ######.# ###
...##.......## #......######..
#.###.####### #.####.....##.#


You could see Menkaure.

Vanquished Creatures
  2 adders (D:3)
  2 worms
  2 dart slugs (D:1)
  4 orcs
  3 ball pythons
  5 bats
  6 endoplasms
  2 giant cockroaches
  2 goblins
  7 hobgoblins
  7 jackals (D:1)
  4 kobolds
  3 quokkas
  7 frilled lizards
  2 rats (D:3)
58 creatures vanquished.

Notes
Turn   | Place    | Note
-------+----------+-------------------------------------------
     0 | D:1      | 27snakeeyes612 the Ogre Fighter began the quest for the
                  | Orb.
     0 | D:1      | Reached XP level 1. HP: 24/24 MP: 1/1
    89 | D:1      | Reached XP level 2. HP: 31/32 MP: 2/2
   320 | D:1      | Reached XP level 3. HP: 40/40 MP: 3/3
  1828 | D:3      | Reached XP level 4. HP: 49/49 MP: 4/4
  2592 | D:3      | Found a basalt altar of Yredelemnul.
  2592 | D:3      | Found an opulent altar of Gozag.
  2864 | D:4      | Noticed Menkaure
  3099 | D:3      | Mangled by Menkaure

Illustrated notes

Levels and vault maps discovered:
D:1:      minmay_arrival_four_houses, layout_basic
D:2:      layout_rooms
D:3:      layout_loops_cross, gammafunk_temple_overflow_elements
D:4:      layout_layer_cave, slow_altar_1, nicolae_ashenzari_panopticon,
          hangedman_abyss_or_decor_lesser_grid, uniq_sigmund, uniq_menkaure

Skill      XL: |  1  2  3  4 |
---------------+-------------+-----
Dodging        | 3 |  3.2
Shields        | 3 |  3.2
Axes           | 3 |  3.1
Fighting       | |  4.9
Stealth        | |  0.1

Action                   |  1- 3 |  4- 6 || total
-------------------------+-------+-------++-------
Melee: War axe           |    90 |    59 ||   149
 Stab: Sleeping          |     1 |       ||     1
Armor: Robe              |    31 |    10 ||    41
Dodge: Dodged            |    47 |    24 ||    71
Block: Kite shield       |    45 |    28 ||    73

Table legend: (Time is in decaauts)
 A = Elapsed time spent in this place.
 B = Non-inter-level travel time spent in this place.
 C = Inter-level travel time spent in this place.
 D = Time resting spent in this place.
 E = Time spent auto-exploring this place.
 F = Levels seen in this place.
 G = Mean time per level.
                   A        B        C        D        E       F      G
               +--------+--------+--------+--------+--------+-----+--------+
         Total |   3185 |   3066 |    119 |    205 |   2421 |   4 |  796.2 |
       Dungeon |   3185 |   3066 |    119 |    205 |   2421 |   4 |  796.2 |
               +--------+--------+--------+--------+--------+-----+--------+

Top non-repeatable levels by time:
     D:3: 1413 daAuts
     D:1: 963 daAuts
     D:2: 787 daAuts
     D:4: 19 daAuts
